 Dungeon Crawl Stone Soup version 0.29-a0-340-g6efceafd81 (webtiles) character file.

Game seed: 3826810997750250943

650 kevlar127 the Ruffian (level 7, 0/106 HPs)
             Began as a Troll Berserker on Apr 19, 2022.
             Was a Believer of Trog.
             Slain by a lemure (2 damage)
             ... led by Pikel
             ... on level 4 of the Dungeon.
             The game lasted 00:15:41 (3455 turns).

kevlar127 the Ruffian (Troll Berserker)             Turns: 3455, Time: 00:15:42

Health: 0/106      AC:  4    Str: 28    XL:     7   Next: 28%
Magic:  6/6        EV: 10    Int:  3    God:    Trog [**....]
Gold:   243        SH:  0    Dex:  9    Spells: 6/6 levels left

rFire   . . .      SeeInvis .     - Unarmed
rCold   . . .      Faith    .   (no shield)
rNeg    . . .      Spirit   .   a - +0 animal skin
rPois   .          Reflect  .   (helmet restricted)
rElec   .          Harm     .   (no cloak)
rCorr   .          Rampage  .   (gloves unavailable)
Will    ++...                   (boots unavailable)
Stlth   ..........              (no amulet)
HPRegen 2.07/turn               (no ring)
MPRegen 0.10/turn               (no ring)

@: berserking (expiring), lethally poisoned (0 -> -4), strong-willed,
regenerating, very quick
A: large, unfitting armour, claws 3, regeneration 1, shaggy fur 1, tough skin 1
a: Renounce Religion, Berserk, Trog's Hand


You were on level 4 of the Dungeon.
You worshipped Trog.
Trog was pleased with you.
You visited 1 branch of the dungeon, and saw 5 of its levels.

You collected 243 gold pieces.

Inventory:

Hand Weapons
 b - a +2 vorpal mace
 o - a +0 club
Missiles
 j - 9 poisoned darts (quivered)
 k - 109 stones
Armour
 a - a +0 animal skin (worn)
Magical Staves
 l - a staff of fire
Wands
 s - a wand of polymorph (2)
 v - a wand of iceblast (18)
 w - a wand of flame (16)
Scrolls
 c - 7 scrolls of identify {unknown}
 g - a scroll of fear {unknown}
 m - 4 scrolls of enchant weapon {unknown}
 q - a scroll of fog {unknown}
 r - a scroll of enchant armour {unknown}
 t - a scroll of vulnerability {unknown}
 u - a scroll of immolation {unknown}
Potions
 d - a potion of berserk rage {unknown}
 e - 3 potions of curing {unknown}
 f - 4 potions of heal wounds {unknown}
 h - a potion of might {unknown}
 i - a potion of resistance
 n - 2 potions of ambrosia {unknown}
 p - a potion of flight {unknown}
 x - a potion of haste {unknown}
 z - a potion of invisibility {unknown}


   Skills:
 + Level 4.3 Fighting
 + Level 1.9 Throwing
 + Level 3.4 Armour
 - Level 2.4 Dodging
 + Level 5.2 Unarmed Combat


You had 6 spell levels left.
You didn't know any spells.
Your spell library contained the following spells:

 Spells                   Type           Power      Damage    Failure   Level
 Ensorcelled Hibernation  Hex/Ice        0%         N/A       67%         2
 Spider Form              Tmut/Pois      0%         N/A       88%         3
 Anguish                  Hex/Necr       0%         N/A       99%         4


Dungeon Overview and Level Annotations

Branches:
Dungeon (5/15)
 Temple: D:4-7

Altars:

Shops:
D:2 :

Annotations:
D:4 Pikel


Innate Abilities, Weirdness & Mutations

You are too large for most types of armour.
You have claws for hands.
Your natural rate of healing is unusually fast.
You are covered in fur. (AC +1)
You have tough skin. (AC +1)


Message History

You are more poisoned.
The lemure barely misses you. The lemure completely misses you.
You barely miss the gnoll.
You feel very sick.
The orc shouts!
You claw the gnoll!
You kill the gnoll!
Trog accepts your kill.
You feel very sick.
The ufetubus hits you but does no damage.
The ufetubus barely misses you.
The gnoll sergeant hits you from afar with a +0 vampiric trident!
* * * LOW HITPOINT WARNING * * *
Pikel barely misses you. The lemure hits you.
* * * LOW HITPOINT WARNING * * *
Something hits you.
* * * LOW HITPOINT WARNING * * *
You are more poisoned.
The lemure hits you.
* * * LOW HITPOINT WARNING * * *
The lemure completely misses you.
* * * LOW HITPOINT WARNING * * *
You feel very sick.
The ufetubus hits you but does no damage.
The ufetubus hits you.
* * * LOW HITPOINT WARNING * * *
A mysterious force pulls you upwards. The hatch slams shut behind you.
Reactivating autopickup.
You feel a strong urge to attack something.
* * * LOW HITPOINT WARNING * * *
You feel very sick.
You are too berserk!
Unknown command.
You are too berserk!
You completely miss the lemure.
The lemure is heavily wounded.
* * * LOW HITPOINT WARNING * * *
You feel very sick. The lemure hits you.
You die...

#.# #.# #.# ###########
########.####.........###
######.........#.......#.....#
#......####......#.###.#.###.#
#.###..#####...#.#.# #.#.# #.# #
#.#.......##..##K#.# #.#.###.# #
#......##......5@5.# #.#..)..# #
###.##.#####..##5### #.##.#### #
#...#.....)..##5# #.##.# #
#...#######...#.#####.##.##### #
#...# ##...........>.......# #
#..## ##..)....#####).#.###.# #
##...####.........####....###.###
#.......+.........'..............
##...####.........####.....##.###


You could see Pikel, 3 lemures and an ufetubus.

Vanquished Creatures
  A water moccasin (D:5)
  A lemure (D:5)
  A phantom (D:4)
  A necrophage (D:4)
  A hound (D:5)
  A jelly (D:4)
  3 orc priests
  Jessica (D:2)
  An iguana (D:4)
  2 orc wizards (D:3)
  5 adders
  A gnoll (D:5)
  A white imp (D:5)
  3 dart slugs
  19 orcs
  6 ball pythons
  7 bats
  9 endoplasms
  4 giant cockroaches
  3 goblins
  8 hobgoblins
  3 jackals (D:1)
  7 kobolds
  4 quokkas
  2 frilled lizards
  6 rats
101 creatures vanquished.

Notes
Turn   | Place    | Note
-------+----------+-------------------------------------------
     0 | D:1      | kevlar127 the Troll Berserker began the quest for the Orb.
     0 | D:1      | Reached XP level 1. HP: 22/22 MP: 0/0
   129 | D:1      | Reached XP level 2. HP: 29/29 MP: 1/1
   378 | D:1      | Reached skill level 1 in Armour
   678 | D:1      | Reached XP level 3. HP: 33/36 MP: 2/2
   739 | D:1      | Reached ** piety under Trog
   760 | D:1      | Found a faded altar of an unknown god.
  1094 | D:2      | Noticed Jessica
  1104 | D:2      | Killed Jessica
  1105 | D:2      | Reached XP level 4. HP: 44/45 MP: 3/3
  1350 | D:2      | Found Weetubb's Book Emporium.
  1549 | D:3      | Reached skill level 4 in Unarmed Combat
  1813 | D:3      | Reached XP level 5. HP: 18/53 MP: 4/4
  2302 | D:4      | Reached XP level 6. HP: 34/62 MP: 5/5
  2690 | D:4      | Reached *** piety under Trog
  2697 | D:4      | Reached skill level 1 in Throwing
  2697 | D:4      | Reached skill level 5 in Unarmed Combat
  3189 | D:5      | Entered Level 5 of the Dungeon
  3193 | D:5      | Noticed a water moccasin
  3199 | D:5      | Reached XP level 7. HP: 59/70 MP: 6/6
  3429 | D:5      | Noticed Pikel
  3454 | D:4      | HP: 4/106 [poisoned by an orc wizard]
  3455 | D:4      | Slain by a lemure

Illustrated notes

Levels and vault maps discovered:
D:1:      dpeg_arrival_windows_large_door, layout_basic, basic_ecumenical_altar
D:2:      layout_basic, serial_shops, nicolae_shop_behind_doors, uniq_jessica
D:3:      layout_loops_ring, minmay_statues_item
D:4:      layout_loops_corners
D:5:      layout_rooms, uniq_pikel, uniq_edmund

Skill      XL: |  1  2  3  4  5  6 |
---------------+-------------------+-----
Armour         | 1 2 3 |  3.4
Fighting       | 3 4 |  4.3
Unarmed Combat | 4 5 |  5.2
Throwing       | 1 |  1.9
Dodging        | |  2.4

Action                   |  1- 3 |  4- 6 |  7- 9 || total
-------------------------+-------+-------+-------++-------
Melee: Unarmed           |    76 |   179 |    24 ||   279
       Punch             |     1 |     2 |       ||     3
Invok: Berserk           |       |     2 |     1 ||     3
       Trog's Hand       |       |     1 |     1 ||     2
Armor: Animal skin       |    28 |    60 |     9 ||    97
Dodge: Dodged            |    33 |    78 |    25 ||   136

Table legend: (Time is in decaauts)
 A = Elapsed time spent in this place.
 B = Non-inter-level travel time spent in this place.
 C = Inter-level travel time spent in this place.
 D = Time resting spent in this place.
 E = Time spent auto-exploring this place.
 F = Levels seen in this place.
 G = Mean time per level.
                   A        B        C        D        E       F      G
               +--------+--------+--------+--------+--------+-----+--------+
         Total |   3446 |   3356 |     90 |    303 |   2436 |   5 |  689.2 |
       Dungeon |   3446 |   3356 |     90 |    303 |   2436 |   5 |  689.2 |
               +--------+--------+--------+--------+--------+-----+--------+

Top non-repeatable levels by time:
     D:1: 1016 daAuts
     D:4: 971 daAuts
     D:3: 779 daAuts
     D:2: 420 daAuts
     D:5: 258 daAuts
